[Event "Team 45 45 League T74"]
[Site "Internet Chess Club"]
[Date "2017.09.15"]
[Round "1"]
[White "santiagoelawad"]
[Black "cadmiumorange"]
[Result "1-0"]
[WhiteElo "1992"]
[BlackElo "1847"]
[Opening "King's Indian: fianchetto, Larsen system"]
[ECO "A10"]
[Time "14:01:56"]
[TimeControl "2700+45"]

1. c4 g6 2. Nc3 Bg7 3. g3 d6 4. Bg2 Nf6 5. Nf3 O-O 6. O-O c6 7. d4 Bf5 8. Qb3
Qb6 9. Bf4 Ne4 10. Nh4 Nxc3 11. bxc3 e5 12. Nxf5 gxf5 13. dxe5 dxe5 14. Be3 Qc7
15. Rab1 b6 16. a4 Nd7 17. a5 Rab8 18. axb6 axb6 19. Qa4 Rfc8 20. Qc2 e4 21. Bh3
Qe5 22. Bf4 Qxc3 23. Qxc3 Bxc3 24. Bxb8 Rxb8 25. Bxf5 Nc5 26. Rfd1 Kg7 27. Rd6
{Black resigns} 1-0

[Event "Team 45 45 League T74"]
[Site "Internet Chess Club"]
[Date "2017.09.15"]
[Round "1"]
[White "ivanson"]
[Black "primerpaso"]
[Result "1/2-1/2"]
[WhiteElo "1768"]
[BlackElo "1860"]
[Opening "Sicilian: Alapin's variation (2.c3)"]
[ECO "B22"]
[Time "14:00:18"]
[TimeControl "2700+45"]

1. e4 c5 2. c3 d5 3. exd5 Qxd5 4. d4 Nf6 5. Nf3 Bg4 6. Be2 e6 7. h3 Bh5 8. O-O
Be7 9. a3 O-O 10. c4 Qd6 11. dxc5 Qxd1 12. Rxd1 Bxc5 13. b4 Be7 14. Nc3 a5 15.
Rb1 axb4 16. axb4 Na6 17. b5 Nc5 18. Be3 Ra3 19. Rbc1 Rc8 20. Ne5 Rxc3 21. Bxh5
Rxc1 22. Bxf7+ Kf8 23. Rxc1 Bd6 24. Bxc5 Rxc5 25. Nd3 Kxf7 26. Nxc5 Bxc5 27. Kf1
e5 28. Ra1 Ne4 29. Ra2 Kf6 30. f3 Ng3+ 31. Ke1 Bb4+ 32. Kf2 Nf5 33. Ke2 Nd6 34.
Kd3 Bc5 35. Ra8 Kf7 36. Ra2 Ne8 37. Re2 Bd4 38. f4 Ke6 39. fxe5 Bxe5 40. Ra2 Nd6
41. Re2 Nf5 42. Rf2 Ne7 43. Ra2 Kd6 44. Ra7 b6 45. Ra6 Kc5 46. Ra2 Nc8 47. Re2
Bf6 48. Ra2 Nd6 49. Ra7 Be5 50. Rc7+ Kb4 51. Rc6 Nxc4 52. Rxc4+ Kxb5 53. Re4 Bf6
54. g4 h6 55. Re1 Ka4 56. Kc2 b5 57. Rh1 b4 58. Rb1 Bc3 59. Rb3 Kb5 60. Rxc3
bxc3 61. Kxc3 Kc5 62. Kd3 Kd5 63. Ke3 Ke5 64. Kf3 g5 65. Ke3 Kd5 {Game drawn by
mutual agreement} 1/2-1/2

[Event "Team 45 45 League T74"]
[Site "Internet Chess Club"]
[Date "2017.09.16"]
[Round "1"]
[White "kabindra"]
[Black "jjmolina"]
[Result "1/2-1/2"]
[WhiteElo "1699"]
[BlackElo "1728"]
[Opening "Giuoco Piano: Bird's attack"]
[ECO "C54"]
[Time "11:02:25"]
[TimeControl "2700+45"]

1. e4 e5 2. Nf3 Nc6 3. Bc4 Bc5 4. c3 Nf6 5. b4 Bb6 6. a4 a6 7. Qb3 O-O 8. a5 Ba7
9. d3 h6 10. O-O d6 11. h3 Nh5 12. Be3 Qf6 13. Nbd2 Nf4 14. Bxf4 Qxf4 15. Rad1
Qf6 16. Bd5 Ne7 17. d4 c6 18. Bc4 Ng6 19. Rfe1 Nf4 20. Bf1 Be6 21. Qa3 Rfd8 22.
c4 exd4 23. e5 dxe5 24. Ne4 Qg6 25. Nxe5 Qf5 26. Ng3 Qf6 27. c5 Bb8 28. Nf3 Bd5
{Game drawn by mutual agreement} 1/2-1/2

[Event "Team 45 45 League T74"]
[Site "Internet Chess Club"]
[Date "2017.09.16"]
[Round "1"]
[White "ascoli"]
[Black "Portola"]
[Result "0-1"]
[WhiteElo "1604"]
[BlackElo "1780"]
[Opening "French: advance, Euwe variation"]
[ECO "C02"]
[Time "09:00:24"]
[TimeControl "2700+45"]

1. e4 e6 2. d4 d5 3. e5 c5 4. c3 Nc6 5. Nf3 Bd7 6. a3 Qb6 7. b4 cxd4 8. cxd4
Nge7 9. Bb2 Nf5 10. g4 Nh6 11. h3 Be7 12. Bd3 Rc8 13. O-O a6 14. Kh1 Na7 15. Ne1
f6 16. f4 f5 17. gxf5 Nxf5 18. Bxf5 exf5 19. Rg1 Qh6 20. Qf3 Bb5 21. Nc3 Bc4 22.
Rg2 Nc6 23. Nc2 Rd8 24. Rag1 g6 25. Rd1 Bb3 26. Rdd2 Bxc2 27. Rxc2 Nxd4 28. Qe3
Nxc2 29. Rxc2 d4 30. Qf3 dxc3 31. Rxc3 Qh5 32. e6 Qxf3+ 33. Rxf3 Rd1+ 34. Kg2
Rd2+ 35. Rf2 Rxf2+ 36. Kxf2 O-O {White resigns} 0-1

[Event "Team 45 45 League T74"]
[Site "Internet Chess Club"]
[Date "2017.09.16"]
[Round "1"]
[White "Signalman"]
[Black "anna"]
[Result "0-1"]
[WhiteElo "1852"]
[BlackElo "1888"]
[Opening "Queen's pawn, Mason variation"]
[ECO "D00"]
[Time "09:37:12"]
[TimeControl "2700+45"]

1. d4 d5 2. Bf4 Bf5 3. e3 e6 4. Nf3 Nd7 5. Nbd2 Ngf6 6. h3 c5 7. c3 Qb6 8. Qb3
c4 9. Qxb6 axb6 10. Be2 h6 11. O-O b5 12. Ne5 Nb6 13. a3 Na4 14. Ra2 Be7 15. Rc1
g5 16. Bh2 O-O 17. g4 Bh7 18. Re1 Ne4 19. Nb1 f6 20. Nf3 Rfc8 21. Kg2 Kf7 22.
Nfd2 Nd6 23. f3 Bc2 24. Bd1 Bd3 25. e4 Nb6 26. e5 fxe5 27. Bxe5 Nd7 28. f4 Rg8
29. Be2 Bxe2 30. Rxe2 h5 31. Rf2 hxg4 32. hxg4 gxf4 33. Rxf4+ Ke8 34. b3 Nf7 35.
bxc4 Nfxe5 36. dxe5 Bg5 37. Rf1 bxc4 38. Nf3 Bf4 39. Re2 Rxg4+ 40. Kf2 Nc5 41.
Rh1 Ra6 42. Rh8+ Kf7 43. Ne1 Rg5 44. Nf3 Nd3+ 45. Kf1 Rg3 46. Nfd2 Rb6 47. Rh6
{White resigns} 0-1

[Event "Team 45 45 League T74"]
[Site "Internet Chess Club"]
[Date "2017.09.16"]
[Round "1"]
[White "babyBeast"]
[Black "gera-carp75"]
[Result "1-0"]
[WhiteElo "1642"]
[BlackElo "1764"]
[Opening "King's Indian: Makagonov system (5.h3)"]
[ECO "E71"]
[Time "21:04:37"]
[TimeControl "2700+45"]

1. d4 Nf6 2. c4 g6 3. Nc3 Bg7 4. e4 d6 5. h3 O-O 6. Be3 e5 7. d5 Na6 8. Nf3 Nd7
9. g4 Ndc5 10. a3 f5 11. gxf5 gxf5 12. b4 Nxe4 13. Nxe4 fxe4 14. Nd2 Bf5 15. c5
dxc5 16. b5 Nb8 17. Bxc5 e3 18. Bxe3 Nd7 19. Nc4 Qf6 20. d6 Be4 21. Rg1 Bf3 22.
Qd2 Kh8 23. dxc7 e4 24. Rc1 Ne5 25. Nxe5 Qxe5 26. Rxg7 {Black resigns} 1-0

[Event "Team 45 45 League T74"]
[Site "Internet Chess Club"]
[Date "2017.09.16"]
[Round "1"]
[White "elmaestro"]
[Black "Littlemon"]
[Result "1-0"]
[WhiteElo "1723"]
[BlackElo "1584"]
[Opening "English: Caro-Kann defensive system"]
[ECO "A11"]
[Time "15:09:56"]
[TimeControl "2700+45"]

1. c4 c6 2. g3 Nf6 3. Bg2 d5 4. Nf3 e6 5. O-O Nbd7 6. b3 Bd6 7. Bb2 O-O 8. d4 h6
9. c5 Be7 10. Nc3 b6 11. b4 a5 12. a3 axb4 13. axb4 Rxa1 14. Bxa1 bxc5 15. bxc5
Qa5 16. Qb3 Ba6 17. Bb2 Rb8 18. Qc2 Qb4 19. Rb1 Qb3 20. Qc1 Qb7 21. Ba1 Qc8 22.
Nd2 Rb7 23. Qc2 Qb8 24. Rxb7 Qxb7 25. e4 Qb4 26. e5 Nh7 27. Na2 Qb5 28. Bf1 Qb7
29. Qa4 Bxf1 30. Kxf1 Ng5 31. Kg2 Kf8 32. h4 Nh7 33. Nb4 Nb8 34. Bc3 Bd8 35. Nb3
Ke8 36. Nd2 Nf8 37. f4 Ng6 38. h5 Ne7 39. g4 Nc8 40. f5 Qa7 41. Qc2 Ba5 42. fxe6
fxe6 43. Nd3 Bxc3 44. Qxc3 Qf7 45. Kg3 Ne7 46. Qb3 Nd7 47. Qb7 Kd8 48. Qa8+ Kc7
49. Qa5+ Kb7 50. Nb4 Qf8 51. Qa6+ Kc7 52. Qa7+ Kc8 53. Qa8+ Nb8 54. Na6 Kd7 55.
Nxb8+ Ke8 56. Nxc6+ Kf7 57. Qxf8+ Kxf8 58. Nxe7 Kxe7 59. Kf4 Kf7 60. Nf3 {Black
resigns} 1-0

[Event "Team 45 45 League T74"]
[Site "Internet Chess Club"]
[Date "2017.09.16"]
[Round "1"]
[White "sanjay2000"]
[Black "diegoami"]
[Result "1-0"]
[WhiteElo "1552"]
[BlackElo "1637"]
[Opening "Sicilian: closed"]
[ECO "B23"]
[Time "14:02:02"]
[TimeControl "2700+45"]

1. e4 c5 2. Nc3 e6 3. f4 a6 4. Nf3 Nc6 5. a4 Nge7 6. Bc4 Ng6 7. d3 Be7 8. O-O
O-O 9. Qe1 Nb4 10. Bb3 d5 11. f5 exf5 12. Nxd5 Nxd5 13. Bxd5 fxe4 14. Qxe4 Rb8
15. Re1 b5 16. axb5 axb5 17. Ra7 Bd6 18. Ng5 Bd7 19. Qf3 Nh4 20. Qh5 h6 21. Nxf7
{Black resigns} 1-0

[Event "Team 45 45 League T74"]
[Site "Internet Chess Club"]
[Date "2017.09.16"]
[Round "1"]
[White "JSCOL"]
[Black "santiagoelawad"]
[Result "1-0"]
[WhiteElo "2125"]
[BlackElo "1981"]
[Opening "Caro-Kann: two knights, 3...Bg4"]
[ECO "B11"]
[Time "15:18:20"]
[TimeControl "2700+45"]

1. e4 c6 2. Nc3 d5 3. Nf3 Bg4 4. d4 Nf6 5. Bd3 e6 6. O-O Bb4 7. e5 Nfd7 8. h3
Bh5 9. g4 Bg6 10. Ne2 Be7 11. Kg2 c5 12. Bxg6 hxg6 13. c4 dxc4 14. d5 exd5 15.
Qxd5 Nb6 16. Qxb7 Qd5 17. Qxd5 Nxd5 18. Rd1 Nb6 19. e6 f6 20. h4 Na6 21. Nf4 Nc7
22. Nxg6 Rg8 23. Re1 Bd6 24. h5 Rb8 25. Nfh4 Nbd5 26. Nf5 Rb6 27. Re4 Be5 28.
Nxe5 fxe5 29. Rxe5 Rxe6 30. Nd6+ Kd7 31. Nxc4 Rxe5 32. Nxe5+ Ke6 33. f4 Rf8 34.
Ng6 Rb8 35. b3 Rb4 36. Ba3 Nxf4+ 37. Nxf4+ Rxf4 38. Kg3 Rd4 39. Bxc5 Rd3+ 40.
Kf4 Nd5+ 41. Kg5 Rg3 42. Re1+ Kf7 43. Rf1+ Ke6 44. Bxa7 Nf6 45. Rg1 Rd3 46. Kg6
Rd5 47. Re1+ {Black resigns} 1-0

[Event "Team 45 45 League T74"]
[Site "Internet Chess Club"]
[Date "2017.09.15"]
[Round "1"]
[White "Freitac"]
[Black "ANGELLR"]
[Result "1/2-1/2"]
[WhiteElo "1944"]
[BlackElo "1866"]
[Opening "QGD semi-Slav: Stoltz variation"]
[ECO "D45"]
[Time "19:00:15"]
[TimeControl "2700+45"]

1. d4 d5 2. c4 c6 3. Nf3 Nf6 4. Nc3 e6 5. e3 Nbd7 6. Qc2 Be7 7. Bd3 dxc4 8. Bxc4
b5 9. Bd3 Bb7 10. O-O a6 11. e4 b4 12. e5 bxc3 13. exf6 Nxf6 14. bxc3 O-O 15.
Bg5 h6 16. Bh4 c5 17. Rab1 Bxf3 18. gxf3 cxd4 19. Rfd1 Nd5 20. Bxe7 Qxe7 21.
cxd4 Rfc8 22. Bc4 Nf4 23. Kh1 Qh4 24. Qe4 Qxf2 25. Qxf4 Rxc4 26. Rd2 e5 27. Qe4
Qxd2 28. Qxa8+ Kh7 29. Qe4+ g6 30. Qd5 Rc1+ 31. Rxc1 Qxc1+ 32. Kg2 Qg5+ 33. Kf1
Qc1+ 34. Kg2 Qd2+ 35. Kf1 Qf4 36. dxe5 Kg7 37. Kg2 h5 38. Qd6 Qc4 39. Qf6+ Kg8
40. a3 a5 41. Qd8+ Kg7 42. Qxa5 Qe2+ 43. Kg3 g5 44. Qc3 Kh7 45. h4 g4 46. fxg4
Qxg4+ 47. Kf2 Qxh4+ 48. Qg3 Qd4+ 49. Qe3 {Game drawn by mutual agreement}
1/2-1/2

[Event "Team 45 45 League T74"]
[Site "Internet Chess Club"]
[Date "2017.09.18"]
[Round "1"]
[White "primerpaso"]
[Black "Heian"]
[Result "1/2-1/2"]
[WhiteElo "1853"]
[BlackElo "1706"]
[Opening "English opening"]
[ECO "A13"]
[Time "17:42:04"]
[TimeControl "2700+45"]

1. c4 e6 2. Nc3 d5 3. cxd5 exd5 4. d4 c6 5. g3 f5 6. Bg2 Nf6 7. Nf3 Be7 8. O-O
O-O 9. Bf4 Ne4 10. Rc1 Bd6 11. Ne5 Qe7 12. Qb3 Kh8 13. f3 Bxe5 14. Bxe5 Nd2 15.
Qc2 Nxf1 16. Bxf1 Nd7 17. Bf4 Nb6 18. b3 Nd7 19. Bh3 Nf6 20. Kf2 Bd7 21. Na4 b6
22. Nb2 Rae8 23. Nd3 Ng4+ 24. Bxg4 fxg4 25. Ne5 gxf3 26. exf3 Rc8 27. Qd2 Qe6
28. b4 Be8 29. g4 Kg8 30. Re1 Qf6 31. Bg5 Qd6 32. Bf4 Bg6 33. Kg3 Qf6 34. Nd7
{Game drawn by mutual agreement} 1/2-1/2

[Event "Team 45 45 League T74"]
[Site "Internet Chess Club"]
[Date "2017.09.17"]
[Round "1"]
[White "gomeschess"]
[Black "HomerSimpson"]
[Result "1-0"]
[WhiteElo "2073"]
[BlackElo "1981"]
[Opening "Sicilian: Najdorf, Lipnitzky attack"]
[ECO "B86"]
[Time "23:10:06"]
[TimeControl "2700+45"]

1. e4 c5 2. Nf3 d6 3. d4 Nf6 4. Nc3 cxd4 5. Nxd4 a6 6. Bc4 e6 7. Bb3 Nbd7 8. f4
Nc5 9. f5 Be7 10. Qf3 O-O 11. Be3 Qc7 12. g4 b5 13. g5 Nfxe4 14. Nxe4 Bb7 15.
fxe6 Bxe4 16. exf7+ Kh8 17. Qh5 Nxb3 18. axb3 Bg6 19. Qe2 Rxf7 20. O-O-O Rc8 21.
h4 d5 22. h5 Be4 23. Rhf1 Rxf1 24. Rxf1 Bc5 25. h6 Qb6 26. hxg7+ Kxg7 27. Qg4
Re8 28. b4 Bxb4 29. Qd7+ Re7 30. Qc8 Qa5 31. Qf8+ Kg6 32. Qh6# {Black
checkmated} 1-0

[Event "Team 45 45 League T74"]
[Site "Internet Chess Club"]
[Date "2017.09.17"]
[Round "1"]
[White "The7thGuest"]
[Black "hood"]
[Result "0-1"]
[WhiteElo "1826"]
[BlackElo "1993"]
[Opening "Ruy Lopez: Marshall, main line, 14...Qh3"]
[ECO "C89"]
[Time "12:16:34"]
[TimeControl "2700+45"]

1. e4 e5 2. Nf3 Nc6 3. Bb5 a6 4. Ba4 Nf6 5. O-O Be7 6. Re1 b5 7. Bb3 O-O 8. c3
d5 9. exd5 Nxd5 10. Nxe5 Nxe5 11. Rxe5 c6 12. d4 Bd6 13. Re1 Qh4 14. g3 Qh3 15.
Qf3 Bg4 16. Qg2 Qh5 17. Be3 Rae8 18. Nd2 Re6 19. Bxd5 cxd5 20. f3 Bh3 21. g4 Rg6
22. Qf2 f5 23. Nf1 fxg4 24. f4 Bxf1 25. Rxf1 g3 26. Qd2 gxh2+ 27. Kh1 Qf5 28.
Rf3 Qe4 29. Rf1 Rg3 30. Qf2 Bxf4 31. Bxf4 Rxf3 32. Qxf3 Rxf4 33. Qxe4 Rxf1+
{White resigns} 0-1

[Event "Team 45 45 League T74"]
[Site "Internet Chess Club"]
[Date "2017.09.17"]
[Round "1"]
[White "dp15"]
[Black "charles-allen"]
[Result "1-0"]
[WhiteElo "2029"]
[BlackElo "1840"]
[Opening "Petrov: Nimzovich attack"]
[ECO "C42"]
[Time "20:00:53"]
[TimeControl "2700+45"]

1. e4 e5 2. Nf3 Nf6 3. Nxe5 d6 4. Nf3 Nxe4 5. Nc3 Nxc3 6. dxc3 Be7 7. Qd4 Bf6 8.
Qf4 O-O 9. Be3 Be6 10. Bd3 Nc6 11. O-O-O Ne5 12. Nxe5 Bxe5 13. Qe4 f5 14. Qxb7
Bxa2 15. f4 Rb8 16. Qa6 Bxc3 17. Qxa2+ {Black resigns} 1-0

[Event "Team 45 45 League T74"]
[Site "Internet Chess Club"]
[Date "2017.09.13"]
[Round "1"]
[White "trombone"]
[Black "joebobpop"]
[Result "1-0"]
[WhiteElo "1850"]
[BlackElo "1901"]
[Opening "Giuoco Pianissimo"]
[ECO "C50"]
[Time "18:02:07"]
[TimeControl "2700+45"]

1. e4 e5 2. Bc4 Nc6 3. Nf3 Bc5 4. d3 Nf6 5. O-O d6 6. c3 h6 7. h3 O-O 8. Nbd2 a6
9. Bb3 Ba7 10. Re1 Ne7 11. d4 Ng6 12. Nf1 Re8 13. Ng3 Bd7 14. Bc2 c6 15. Nf5 Qc7
16. dxe5 dxe5 17. Qd6 Qd8 18. Qb4 Rb8 19. Nh2 a5 20. Qc4 Be6 21. Qe2 Qc7 22. Qf3
Nh7 23. Ng4 Rbd8 24. Qg3 Kh8 25. h4 Nf4 26. Nxe5 Nh5 27. Ng6+ fxg6 28. Qxc7 Bxf5
29. Be3 Bb8 30. Qxa5 Be6 31. Rad1 Rxd1 32. Rxd1 N5f6 33. Rd8 Bf7 34. Rxe8+ Nxe8
35. Qd8 Bc7 36. Qd7 Kg8 37. Bb3 Nhf6 38. Qxf7+ Kh7 39. Bd4 Bd6 {Black resigns}
1-0

[Event "Team 45 45 League T74"]
[Site "Internet Chess Club"]
[Date "2017.09.22"]
[Round "1"]
[White "JJ12"]
[Black "SlimeDog2"]
[Result "1-0"]
[WhiteElo "2132"]
[BlackElo "1991"]
[Opening "Ruy Lopez: Berlin defense"]
[ECO "C65"]
[Time "16:04:18"]
[TimeControl "2700+45"]

1. e4 e5 2. Nf3 Nc6 3. Bb5 Nf6 4. d3 d6 5. c3 g6 6. Bg5 Bg7 7. Nbd2 O-O 8. Nf1
h6 9. Bh4 a6 10. Ba4 b5 11. Bb3 Na5 12. Bc2 Bb7 13. Ne3 c5 14. Ng4 g5 15. Nxf6+
Bxf6 16. Bg3 Nc6 17. h4 Kg7 18. Bb3 Na5 19. Bd5 Bxd5 20. exd5 Qe7 21. Nd2 c4 22.
Ne4 Rac8 23. Qf3 Rh8 24. Qf5 Nb7 25. O-O-O Nc5 26. Nxc5 Rxc5 27. hxg5 Bxg5+ 28.
Kc2 Rxd5 29. dxc4 Rxd1 30. Rxd1 bxc4 31. Rxd6 Re8 32. Rd5 Bf6 33. Qg4+ Kf8 34.
Qxc4 {Black resigns} 1-0

[Event "Team 45 45 League T74"]
[Site "Internet Chess Club"]
[Date "2017.09.17"]
[Round "1"]
[White "ArturitoGalacti"]
[Black "Monterrey"]
[Result "1/2-1/2"]
[WhiteElo "1872"]
[BlackElo "1979"]
[Opening "English: closed system"]
[ECO "A25"]
[Time "16:01:06"]
[TimeControl "2700+45"]

1. c4 e5 2. Nc3 Nc6 3. g3 g6 4. Bg2 Bg7 5. e3 d6 6. Nge2 f5 7. d3 Nf6 8. O-O O-O
9. Rb1 Be6 10. Nd5 Qd7 11. b4 a6 12. a4 a5 13. b5 Nd8 14. b6 c6 15. Nc7 Rc8 16.
Bd2 Rxc7 17. bxc7 Qxc7 18. Bc3 Nd7 19. f4 b6 20. Qc2 Nf7 21. Rb2 Rc8 22. Rfb1
Qa7 23. Qd2 Bf8 24. Kh1 Bg7 25. h3 Nd8 26. Bf3 Nb7 27. g4 fxg4 28. Bxg4 Nbc5 29.
Bxe6+ Nxe6 30. d4 Qc7 31. Rd1 exd4 32. exd4 Nf6 33. Qd3 d5 34. Rf1 Ne4 35. f5
Rf8 36. cxd5 cxd5 37. Be1 gxf5 38. Rb5 Qd6 39. Qb3 Nc7 40. Rxb6 Qd7 41. Rb7 Qe7
42. Nf4 Nf6 43. Bxa5 Qe4+ 44. Qf3 Nce8 45. Qxe4 Nxe4 46. Kg2 Bxd4 47. Ne6 N8d6
48. Rd7 Ra8 49. Nxd4 Rxa5 50. Nxf5 Nxf5 51. Rxf5 Rxa4 52. Rfxd5 Nf6 53. Rg5+ Kf8
54. Rb7 Ra2+ 55. Kf3 Ra3+ 56. Kf4 Rxh3 57. Ra5 Rh1 58. Ra8+ Ne8 59. Rbb8 Re1 60.
Kg5 Re6 61. Ra7 Re7 62. Rxe7 Kxe7 63. Rb7+ Ke6 64. Rxh7 Nd6 65. Kf4 Kd5 66. Rh5+
Kd4 67. Rh1 Nc4 68. Rd1+ Kc5 69. Ke4 Nd6+ 70. Ke5 Nc4+ 71. Ke6 Ne3 72. Rd8 Nc4
73. Rd3 Nb2 74. Rd5+ Kc4 75. Rd8 Nd3 76. Kf5 Nc5 77. Ke5 Nd3+ 78. Ke4 Nc5+ 79.
Ke3 Ne6 80. Rd6 Nc5 81. Rd4+ Kc3 82. Rd8 Kc4 83. Rc8 Kd5 84. Rd8+ Ke5 85. Rd1
Ne6 86. Rh1 Nc5 87. Rh5+ Kd6 88. Kf4 Nd3+ 89. Ke4 Nc5+ 90. Kd4 Ne6+ 91. Kc4 Nf4
92. Rf5 Ne6 93. Kd3 Nc5+ 94. Kc4 Nd7 95. Kd4 Ke6 96. Ra5 Nf6 97. Rb5 Nd7 98. Ke3
Nf6 99. Ra5 Nd5+ 100. Kd4 Nf6 101. Re5+ Kd6 102. Re1 Nd5 103. Rh1 Nc7 104. Rh6+
Ne6+ 105. Ke4 Kd7 106. Ke5 Nc7 107. Rd6+ Ke7 108. Rh6 Kd7 109. Rb6 Ke7 110. Rd6
Ne8 111. Ra6 Nc7 112. Rd6 Ne8 113. Rh6 Kd7 114. Rg6 Nc7 {Game drawn by the 50
move rule} 1/2-1/2

[Event "Team 45 45 League T74"]
[Site "Internet Chess Club"]
[Date "2017.09.16"]
[Round "1"]
[White "achessman"]
[Black "ChessHouston"]
[Result "1-0"]
[WhiteElo "1866"]
[BlackElo "1675"]
[Opening "English, 1...Nf6 (Anglo-Indian defense)"]
[ECO "A15"]
[Time "22:20:25"]
[TimeControl "2700+45"]

1. c4 Nf6 2. g3 c5 3. Bg2 Nc6 4. Nf3 e6 5. O-O Be7 6. d4 cxd4 7. Nxd4 a6 8. Nc3
O-O 9. b3 Ng4 10. Bb2 f5 11. e4 Nxd4 12. Qxd4 Bf6 13. Qd2 Qa5 14. exf5 Qxf5 15.
Ne4 Bxb2 16. Qxb2 d5 17. cxd5 exd5 18. Nd6 Qh5 19. h3 Nf6 20. Nxc8 Raxc8 21.
Rad1 Qf5 22. Qd4 Rc2 23. a4 Rd8 24. Rfe1 Rd7 25. Re5 Qg6 26. Bxd5+ Kh8 27. Qb4
h5 28. Qf8+ Kh7 29. Bg8+ Kh6 30. Rxd7 {Black resigns} 1-0

[Event "Team 45 45 League T74"]
[Site "Internet Chess Club"]
[Date "2017.09.17"]
[Round "1"]
[White "Goli"]
[Black "laurenpar"]
[Result "0-1"]
[WhiteElo "1706"]
[BlackElo "1898"]
[Opening "English opening"]
[ECO "A96"]
[Time "06:36:27"]
[TimeControl "2700+45"]

1. c4 e6 2. Nc3 f5 3. g3 Nf6 4. Bg2 Be7 5. Nf3 O-O 6. O-O d6 7. d4 Ne4 8. Qc2
Nxc3 9. Qxc3 a5 10. a3 a4 11. b4 axb3 12. Qxb3 Nc6 13. Bb2 Bf6 14. e3 Qe7 15. h4
h6 16. a4 Bd7 17. Bc3 b6 18. Nd2 Na5 19. Qc2 Ra7 20. Bxa5 Rxa5 21. Ra3 e5 22.
Nf3 e4 23. Nd2 Rfa8 24. Rfa1 Qe8 25. f3 Rxa4 26. Rxa4 Rxa4 27. Rxa4 Bxa4 28. Qc3
exf3 29. Bxf3 Bc6 30. Be2 f4 31. e4 Bxe4 32. Nf1 Qg6 33. h5 Qg5 34. g4 Qh4 35.
Nh2 Bxd4+ 36. Qxd4 Qg3+ 37. Kf1 Bg2+ 38. Kg1 Bh3+ {White resigns} 0-1

[Event "Team 45 45 League T74"]
[Site "Internet Chess Club"]
[Date "2017.09.15"]
[Round "1"]
[White "harlyman"]
[Black "andrew37"]
[Result "1-0"]
[WhiteElo "1801"]
[BlackElo "1681"]
[Opening "Nimzo-Indian: three knights variation"]
[ECO "E21"]
[Time "16:30:17"]
[TimeControl "2700+45"]

1. d4 Nf6 2. c4 e6 3. Nc3 Bb4 4. Nf3 O-O 5. Bg5 h6 6. Bh4 d6 7. e3 b6 8. Be2 Bb7
9. O-O Bxc3 10. bxc3 Nbd7 11. Rb1 Qe7 12. Nd2 e5 13. Bd3 Rfd8 14. Bf5 Nf8 15. a4
g6 16. Bc2 a5 17. h3 Rac8 18. Re1 Ne6 19. f4 g5 20. Bg3 Nd7 21. Qh5 Qf6 22. fxe5
dxe5 23. Rf1 Qg7 24. Rf2 exd4 25. cxd4 Nf6 26. Qe2 Nd7 27. Rbf1 Rf8 28. Qh5 Rce8
29. d5 Nec5 30. Bxc7 f6 31. Bd6 Rxe3 32. Bxf8 Qxf8 33. Qg6+ Qg7 34. Qh5 Bc8 35.
Re2 Rxe2 36. Qxe2 Ne5 37. Ne4 Nxe4 38. Qxe4 f5 39. Qe2 Qf6 40. Re1 Nf7 41. Qe8+
Kg7 42. Qxc8 Qd4+ 43. Kh1 Qd2 44. Rf1 Qxc2 45. Qxf5 Qxf5 46. Rxf5 Nd6 47. Re5
Nxc4 48. Re6 Kf7 49. Rxh6 Ke7 50. Rc6 Ne3 51. Rxb6 Nxd5 52. Rb5 Nc3 53. Rxa5 Ne4
54. Re5+ {Black resigns} 1-0

[Event "Team 45 45 League T74"]
[Site "Internet Chess Club"]
[Date "2017.09.17"]
[Round "1"]
[White "drsigmund1"]
[Black "Packerfan"]
[Result "0-1"]
[WhiteElo "1441"]
[BlackElo "1777"]
[Opening "Queen's pawn: London system"]
[ECO "A45"]
[Time "14:30:50"]
[TimeControl "2700+45"]

1. d4 Nf6 2. Bf4 d5 3. e3 Bf5 4. Nf3 e6 5. Nbd2 c5 6. c3 Nc6 7. Bb5 a6 8. Bxc6+
bxc6 9. Ne5 Qb6 10. Qb3 Rb8 11. Nxc6 c4 12. Qa4 Qb5 13. Qxb5 Rxb5 14. b3 cxb3
15. axb3 Rb6 16. Ne5 Nh5 17. Bg3 Nxg3 18. hxg3 f6 19. Nef3 Bd6 20. Ke2 O-O 21.
c4 dxc4 22. bxc4 Bb4 23. c5 Rc6 24. Nc4 e5 25. Nd6 Bg4 26. Kd3 Rd8 27. Rhb1 Bxc5
28. dxc5 Rxc5 29. Rxa6 Rd5+ 30. Ke4 R5xd6 31. Rxd6 Rxd6 32. Nh4 Kf7 33. Rb7+ Ke6
34. Rxg7 f5+ 35. Nxf5 Bxf5+ 36. Kf3 {White resigns} 0-1

[Event "Team 45 45 League T74"]
[Site "Internet Chess Club"]
[Date "2017.09.16"]
[Round "1"]
[White "Andaluz"]
[Black "Electryon"]
[Result "0-1"]
[WhiteElo "1293"]
[BlackElo "1487"]
[Opening "French: Tarrasch"]
[ECO "C03"]
[Time "12:01:17"]
[TimeControl "2700+45"]

1. e4 e6 2. d4 d5 3. Nd2 dxe4 4. Nxe4 Bd7 5. c3 Bc6 6. Nd2 Nf6 7. Ngf3 Bd6 8.
Bd3 O-O 9. Qe2 Re8 10. Ne4 Bxe4 11. Bxe4 Nxe4 12. Qxe4 c6 13. Ng5 g6 14. Qh4 h5
15. Qh3 e5 16. O-O exd4 17. cxd4 Bf8 18. Qf3 Re7 19. Be3 Bg7 20. Rad1 Na6 21. a3
Nc7 22. Ne4 Qe8 23. Nf6+ Bxf6 24. Qxf6 Nd5 25. Qf3 Nxe3 26. fxe3 Rxe3 27. Qf6
Rd8 28. h3 Rd5 29. Qh4 Re4 30. Qf2 Qd7 31. Rfe1 Rxe1+ 32. Qxe1 Rxd4 33. Rxd4
Qxd4+ 34. Qf2 Qxf2+ 35. Kxf2 Kg7 36. Ke3 Kf6 37. Kf4 g5+ 38. Ke4 Ke6 39. g4 hxg4
40. hxg4 a5 41. b3 b6 {White resigns} 0-1

[Event "Team 45 45 League T74"]
[Site "Internet Chess Club"]
[Date "2017.09.16"]
[Round "1"]
[White "AVEMARIA"]
[Black "Gojira"]
[Result "1-0"]
[WhiteElo "1663"]
[BlackElo "1617"]
[Opening "Sicilian: accelerated fianchetto, modern variation"]
[ECO "B34"]
[Time "07:00:50"]
[TimeControl "2700+45"]

1. e4 c5 2. Nf3 Nc6 3. Nc3 g6 4. d4 cxd4 5. Nxd4 Bg7 6. Be3 Nf6 7. Be2 d5 8.
Nxc6 bxc6 9. e5 Nd7 10. f4 e6 11. O-O f6 12. exf6 Bxf6 13. Na4 Qa5 14. c3 Ba6
15. Bxa6 Qxa6 16. Rf3 Qb5 17. Qb3 Rb8 18. Qxb5 Rxb5 19. b3 Nb6 20. Nxb6 axb6 21.
Rc1 c5 22. c4 Ra5 23. cxd5 exd5 24. f5 g5 25. Rc2 g4 26. Rf1 d4 27. Bf4 Kd7 28.
Re1 Re8 29. Rxe8 Kxe8 30. Bc7 Ra6 31. a4 Kd7 32. Bf4 Ra8 33. Kf2 Re8 34. Re2
Rxe2+ 35. Kxe2 Kc6 36. Kd3 Bd8 37. Ke4 Bc7 38. Bh6 Kd7 39. g3 Kc6 40. f6 {Black
resigns} 1-0

[Event "Team 45 45 League T74"]
[Site "Internet Chess Club"]
[Date "2017.09.17"]
[Round "1"]
[White "crazyhorses"]
[Black "julesraider"]
[Result "0-1"]
[WhiteElo "1455"]
[BlackElo "1557"]
[Opening "Caro-Kann: classical variation"]
[ECO "B18"]
[Time "11:20:35"]
[TimeControl "2700+45"]

1. e4 c6 2. d4 d5 3. Nc3 dxe4 4. Nxe4 Bf5 5. Ng3 Bg6 6. Nf3 Nd7 7. Bd3 Bxd3 8.
Qxd3 e6 9. O-O Ngf6 10. Bg5 Be7 11. c3 O-O 12. Rad1 Qa5 13. a3 Rad8 14. b4 Qa4
15. Rfe1 c5 16. dxc5 Nxc5 17. Qc4 Rxd1 18. Rxd1 Qxd1+ {White resigns} 0-1

[Event "Team 45 45 League T74"]
[Site "Internet Chess Club"]
[Date "2017.09.16"]
[Round "1"]
[White "RD1974"]
[Black "MartyJR"]
[Result "1-0"]
[WhiteElo "1585"]
[BlackElo "1425"]
[Opening "Sicilian: closed, 2...Nc6"]
[ECO "B23"]
[Time "18:04:00"]
[TimeControl "2700+45"]

1. e4 c5 2. Nc3 Nc6 3. d3 g6 4. Nf3 Bg7 5. Be3 d6 6. Qd2 Nd4 7. Nd1 Bg4 8. Ng1
Nf6 9. c3 Nc6 10. f3 Bd7 11. g3 O-O 12. Bg2 Rb8 13. Nf2 b5 14. Bh6 b4 15. Bxg7
Kxg7 16. f4 bxc3 17. bxc3 Rb7 18. Nf3 Qb8 19. O-O Rb2 20. Qc1 Qb6 21. Nd2 Rb5
22. Nc4 Qb8 23. a4 Rb3 24. Ne3 Na5 25. g4 Rb6 26. e5 dxe5 27. fxe5 Ne8 28. Nf5+
Bxf5 29. gxf5 Qxe5 30. Ng4 Qd6 31. Qg5 Nf6 32. Qh6+ Kg8 33. fxg6 fxg6 34. Be4
Qd7 35. Ne5 Qe8 36. Nxg6 Rf7 37. Ne5 Rg7+ 38. Kh1 Nxe4 39. Qh3 Nf6 40. Rae1 Qa8+
41. Rf3 Rb2 42. Qe6+ Kh8 43. Rf1 Ra2 44. Qxa2 Nc6 45. Nf7+ Rxf7 46. Qxf7 Ne5 47.
Qxe7 Nxf3 48. Qxf6+ Kg8 49. Qxf3 {Black resigns} 1-0